 Dungeon Crawl Stone Soup version 0.25.1-8-g42b30a86e7 (webtiles) character file.

Game seed: 9264114519470591447

226 hawla the Chopper (level 5, 0/41 HPs)
             Began as a Minotaur Gladiator on Dec 16, 2020.
             Slain by a mummy (13 damage)
             ... in an ossuary.
             The game lasted 00:06:28 (2494 turns).

hawla the Chopper (Minotaur Gladiator)              Turns: 2494, Time: 00:06:29

Health: 0/41       AC:  6    Str: 16 (19) XL:     5   Next: 69%
Magic:  5/5        EV: 12    Int:  6 (7)  God:
Gold:   122        SH:  0    Dex: 13 (14) Spells: 5/5 levels left

rFire    . . .     SeeInvis .   a - +1 war axe
rCold    + . .     Gourm    .   (no shield)
rNeg     . . .     Faith    .   o - +1 ring mail {rC+}
rPois    +         Spirit   .   c - +0 hat
rElec    .         Reflect  .   (no cloak)
rCorr    .         Harm     .   (no gloves)
MR       .....                  (no boots)
Stlth    +.........             (no amulet)
HPRegen  0.13/turn              j - ring of poison resistance
MPRegen  0.09/turn              (no ring)

@: no status effects
A: retaliatory headbutt, hooves 1, horns 2, agile 1, clever 1, frail 1
a: no special abilities


You were in an ossuary.
You were not hungry.

You visited 1 branch of the dungeon, and saw 4 of its levels.
You also visited: Ossuary.

You collected 122 gold pieces.

Inventory:

Hand Weapons
 a - a +1 war axe (weapon)
Missiles
 d - 3 throwing nets (quivered)
 q - 17 poisoned darts
Armour
 c - a +0 hat (worn)
 o - a +1 ring mail of cold resistance (worn)
Jewellery
 i - an uncursed ring of fire
 j - a ring of poison resistance (left hand)
Scrolls
 l - a scroll of identify
 m - a scroll of enchant weapon
 n - a scroll of fear {unknown}
Potions
 b - a potion of heal wounds {unknown}
 e - 2 potions of curing
 h - a potion of ambrosia
 k - a potion of brilliance
 s - a potion of mutation
Comestibles
 f - 5 rations
 p - a chunk of flesh


   Skills:
 + Level 3.9 Fighting
 - Level 5.0 Axes
 + Level 2.8 Throwing
 - Level 1.0 Armour
 + Level 4.3 Dodging
 - Level 1.0 Stealth
 + Level 0.9 Spellcasting


You had 5 spell levels left.
You didn't know any spells.
Your spell library was empty.

Dungeon Overview and Level Annotations

Branches:
Dungeon (4/15)            Ossuary (1/1)
 Temple: D:4-7

Altars:


Innate Abilities, Weirdness & Mutations

You reflexively headbutt those who attack you in melee.
You have a pair of horns on your head.
You have large cloven feet.
You are agile. (Dex +2)
Your mind is acute. (Int +2)
You are frail. (-10% HP)


Message History

You hit the mummy but do no damage. The mummy barely misses you.
You barely miss the mummy. You hit the mummy.
The mummy is lightly damaged.
The mummy hits you.
* * * LOW HITPOINT WARNING * * *
It was a potion of degeneration.
There was something very wrong with that liquid.
You feel weakened.
You feel dopey.
You feel clumsy. The mummy barely misses you.
It was a potion of mutation.
You feel extremely strange.
Your feet thicken and deform.
You feel clever.
You feel frail.
You feel agile.
You hit the mummy. You kick the mummy.
The mummy is moderately damaged.
The mummy misses you.
You hit the mummy. You kick the mummy.
You headbutt the mummy, but do no damage.
The mummy is almost destroyed.
The mummy hits you!
You die...

##.^...##
...^...
#.....#
#.^...#
#.....#
#..∩..#
#.....#
#..∩..#
#..@M.#
#.....#
#.....#
#.....#
##...##
#####


You could see a mummy.

Vanquished Creatures
  3 orc wizards (D:4)
  2 mummies (Ossuary)
  3 adders
  An ooze (D:2)
  4 worms
  A dart slug (D:2)
  2 leopard geckos (D:1)
  2 orcs
  A ball python (D:1)
  5 bats
  4 giant cockroaches
  8 goblins
  9 hobgoblins
  10 kobolds
  3 frilled lizards
  A quokka zombie (D:4)
  7 rats
  A rat zombie (D:4)
67 creatures vanquished.

Notes
Turn   | Place    | Note
-------+----------+-------------------------------------------
     0 | D:1      | hawla the Minotaur Gladiator began the quest for the Orb.
     0 | D:1      | Reached XP level 1. HP: 18/18 MP: 0/0
    92 | D:1      | Reached XP level 2. HP: 24/25 MP: 1/1
   403 | D:1      | Reached skill level 4 in Axes
   523 | D:1      | Reached XP level 3. HP: 28/31 MP: 2/2
  1328 | D:2      | Reached XP level 4. HP: 28/38 MP: 3/3
  1585 | D:3      | Reached skill level 1 in Armour
  2415 | D:4      | Reached XP level 5. HP: 30/45 MP: 4/4
  2427 | D:4      | Reached skill level 5 in Axes
  2427 | D:4      | Reached skill level 1 in Stealth
  2463 | D:4      | Found a sand-covered staircase.
  2477 | Ossuary  | Entered an ossuary
  2492 | Ossuary  | Gained mutation: You have large cloven feet. [potion of
                  | mutation]
  2492 | Ossuary  | Gained mutation: Your mind is acute. (Int +2) [potion of
                  | mutation]
  2492 | Ossuary  | Gained mutation: You are frail. (-10% HP) [potion of
                  | mutation]
  2492 | Ossuary  | Gained mutation: You are agile. (Dex +2) [potion of
                  | mutation]
  2494 | Ossuary  | Slain by a mummy

Illustrated notes

Levels and vault maps discovered:
D:1:      nagdon_arrival_zigzag_paths, layout_basic
D:2:      layout_rooms
D:3:      layout_basic
D:4:      layout_loops_ring, enter_ossuary_4
Ossuary:  ossuary_the_hunt_dpeg

Skill      XL: |  1  2  3  4  5 |
---------------+----------------+-----
Axes           | 4 5 |  5.0
Fighting       | 3 |  3.9
Dodging        | 4 |  4.3
Armour         | 1 |  1.0
Stealth        | 1 |  1.0
Throwing       | |  2.8
Spellcasting   | |  0.9

Action                   |  1- 3 |  4- 6 || total
-------------------------+-------+-------++-------
Melee: War axe           |    66 |    49 ||   115
       Headbutt          |     6 |    12 ||    18
       Kick              |       |     2 ||     2
  Use: Scroll            |     1 |     4 ||     5
       Potion            |       |     5 ||     5
  Eat: Chunk             |     1 |     4 ||     5
Armor: Leather armour    |    12 |       ||    12
       Ring mail         |       |    10 ||    10
Dodge: Dodged            |    56 |    18 ||    74
